AoeStats
← lumpuy1

Black Forest

509985244Analyzed
2v2 RM · 4d ago on Sep 28, 2026· 50m 32s· 4 players
Game mode
Random Map
Map size
Medium (4 player)
Population
200
Speed
Normal
Resources
Standard
Victory
Conquest
Starting age
Dark Age
Ending age
Imperial Age
RankedLock teamsTeams togetherTeam positionsShared explorationLock speedFull tech treeHidden civsTurbo modeCheats
Victory
Defeat
🇨🇱 Malians · Chile
1091
+15
🇻🇪 Koreans · Venezuela
1090
+15
🇨🇦 Britons · Canada
1098
-16
🇺🇸 Teutons · United States
1043
-14
bryanrojasn
0:56 Loom
11:44 Feudal Age
15:21 Castle Age
14:45 Double-Bit Axe
14:43 Horse Collar
17:56 Bow Saw
18:31 Heavy Plow
19:15 Wheelbarrow
22:22 Gold Mining
22:22 Stone Mining
24:07 Hand Cart
25:38 Town Watch
30:17 Imperial Age
28:12 Fletching
28:22 Padded Archer Armor
28:58 Bodkin Arrow
28:32 Elite Skirmisher
29:20 Thumb Ring
29:59 Leather Archer Armor
31:07 Ballistics
31:10 Scale Barding Armor
31:35 Ring Archer Armor
32:32 Conscription
32:21 Tigui
32:24 Farimba
32:37 Man-at-Arms
37:04 Chemistry
36:01 Murder Holes
35:48 Treadmill Crane
37:16 Chain Barding Armor
37:07 Forging
37:26 Town Patrol
37:20 Pikeman
38:03 Squires
38:04 Cavalier
38:49 Husbandry
39:03 Bloodlines
39:36 Iron Casting
39:37 Plate Barding Armor
40:29 Gold Shaft Mining
40:21 Heavy Camel Rider
41:18 Light Cavalry
45:10 Hoardings
47:08 Stone Shaft Mining
45:55 Elite Gbeto
48:23 Scale Mail Armor
47:45 Crossbowman
47:47 Heavy Cavalry Archer
47:50 Long Swordsman
48:17 Arson
48:04 Sappers
49:06 Fortified Wall
49:06 Masonry
48:23 Two-Handed Swordsman
49:31 Onager
49:33 Capped Ram
50:48 Architecture
49:41 Champion
49:59 Arbalester
50:41 Caravan
50:59 Chain Mail Armor
51:22 Crop Rotation
lumpuy1
1:36 Loom
13:15 Feudal Age
16:22 Fishing Lines
20:20 Castle Age
19:24 Double-Bit Axe
21:29 Gillnets
23:39 Horse Collar
25:44 Heavy Plow
27:31 Town Watch
29:43 Fortified Wall
29:29 Murder Holes
34:01 Imperial Age
32:19 Wheelbarrow
33:09 Town Patrol
33:35 Forging
33:15 Fletching
33:31 Scale Barding Armor
33:51 Hand Cart
33:50 Arson
34:05 Squires
33:26 Pikeman
34:08 Stone Mining
34:09 Gold Mining
36:29 Conscription
36:12 Eupseong
37:21 Chemistry
37:34 Gold Shaft Mining
37:35 Stone Shaft Mining
39:57 Ballistics
39:23 Arrowslits
39:44 Siege Engineers
39:50 Masonry
39:30 Heated Shot
39:21 Treadmill Crane
41:16 Shinkichon
40:56 Bodkin Arrow
41:37 Iron Casting
41:03 Scale Mail Armor
40:32 Halberdier
41:15 Elite Fire Lancer
42:19 Bracer
43:10 Elite War Wagon
44:23 Chain Barding Armor
44:18 Chain Mail Armor
44:27 Chain Barding Armor
KingPhillipTheWorst
5:10 Loom
15:33 Feudal Age
17:15 Wheelbarrow
19:29 Castle Age
17:45 Double-Bit Axe
17:43 Horse Collar
18:01 Gold Mining
19:15 Stone Mining
21:51 Bow Saw
23:40 Heavy Plow
27:10 Hand Cart
27:37 Stone Mining
32:45 Imperial Age
32:52 Imperial Age
30:12 Town Watch
32:07 Bloodlines
32:05 Scale Barding Armor
32:36 Fervor
34:43 Crop Rotation
35:18 Two-Man Saw
34:07 Cavalier
34:36 Elite Skirmisher
35:40 Chain Barding Armor
35:33 Forging
35:16 Fletching
36:10 Crenellations
36:51 Siege Engineers
37:47 Chemistry
38:29 Fortified Wall
38:07 Onager
39:12 Paladin
40:45 Siege Onager
44:52 Plate Barding Armor
44:54 Iron Casting
44:19 Bodkin Arrow
46:28 Padded Archer Armor
47:29 Blast Furnace
47:36 Blast Furnace
49:48 Conscription
jpsanchezg
1:53 Loom
12:00 Feudal Age
13:41 Double-Bit Axe
16:40 Castle Age
14:37 Gold Mining
20:13 Wheelbarrow
21:44 Gold Shaft Mining
22:45 Fishing Lines
23:11 Fletching
26:19 Imperial Age
23:57 Padded Archer Armor
24:33 Bow Saw
24:54 Gillnets
25:06 Stone Mining
25:26 Bodkin Arrow
27:00 Forging
27:07 Leather Archer Armor
28:30 Bracer
30:09 Ring Archer Armor
32:01 Chemistry
32:39 Ballistics
Connection lost

Rejoining the realm…

Still unreachable

The connection could not be restored.

Session expired

The server has moved on; the page needs a fresh start.